 Dungeon Crawl Stone Soup version 0.28.0 (webtiles) character file.

Game seed: 17746384979906128807

23 danielguo94 the Skirmisher (level 2, 0/20 HPs)
             Began as a Gargoyle Fighter on Feb 9, 2022.
             Slain by a goblin (2 damage)
             ... on level 1 of the Dungeon.
             The game lasted 00:00:31 (363 turns).

danielguo94 the Skirmisher (Gargoyle Fighter)        Turns: 363, Time: 00:00:32

Health: 0/20       AC: 10    Str: 19    XL:     2   Next: 95%
Magic:  2/2        EV:  9    Int:  8    God:
Gold:   36         SH:  4    Dex:  9    Spells: 1/1 levels left

rFire   . . .      SeeInvis .   a - +0 flail
rCold   . . .      Faith    .   c - +0 buckler
rNeg    + . .      Spirit   .   b - +0 scale mail
rPois   ∞          Reflect  .   g - +0 helmet
rElec   +          Harm     .   (no cloak)
rCorr   .          Rampage  .   (no gloves)
Will    .....                   (no boots)
Stlth   ..........              (no amulet)
HPRegen 0.06/turn               (no ring)
MPRegen 0.08/turn               (no ring)

@: no status effects
A: sickness immunity, AC +2, negative energy resistance 1, electricity
resistance, torment resistance 1, petrification resistance
a: no special abilities


You were on level 1 of the Dungeon.
You visited 1 branch of the dungeon, and saw 1 of its levels.

You collected 36 gold pieces.

Inventory:

Hand Weapons
 a - a +0 flail (weapon)
Missiles
 h - 24 stones (quivered)
Armour
 b - a +0 scale mail (worn)
 c - a +0 buckler (worn)
 g - a +0 helmet (worn)
Jewellery
 f - a ring of protection from fire
Scrolls
 e - a scroll of enchant armour {unknown}
 i - a scroll of summoning {unknown}
Potions
 d - a potion of might


   Skills:
 + Level 3.7 Fighting
 * Level 2.4 Maces & Flails
 + Level 3.5 Armour
 + Level 3.5 Shields


You had one spell level left.
You didn't know any spells.
Your spell library contained the following spells:

 Spells                   Type           Power      Damage    Failure   Level
 Blink                    Tloc           0%         N/A       94%         2
 Lesser Beckoning         Tloc           0%         N/A       99%         3
 Manifold Assault         Tloc           0%         N/A       100%        5


Dungeon Overview and Level Annotations

Branches:
Dungeon (1/15)

Altars:


Innate Abilities, Weirdness & Mutations

You are immune to sickness and miasma.
Your stone body is resilient. (AC +2)
You are immune to poison.
You resist negative energy. (rN+)
You are resistant to electric shocks. (rElec)
You are resistant to unholy torment.
You are immune to petrification.


Message History

You sock the hobgoblin!
You kill the hobgoblin!
The ball python barely misses you. The ball python grabs you.
The ball python constricts you.
You sock the ball python!
You kill the ball python!
Items here: )) †††.
You now have 26 gold pieces (gained 12).
You see here a +0 robe.
You now have 36 gold pieces (gained 10).
A rat comes into view.
A rat is nearby!
A rat is nearby!
A rat is nearby!
A rat is nearby!
You are too injured to fight recklessly!
You are too injured to fight recklessly!
You are too injured to fight recklessly!
You block the rat's attack.
You hit the rat.
You kill the rat!
You see here a rat corpse.
A goblin and a kobold come into view.
The goblin shouts!
The kobold shouts!
The kobold throws a stone.
The stone closely misses you.
There are monsters nearby!
There are monsters nearby!
There are monsters nearby!
You are too injured to fight recklessly!
Unknown command.
The kobold throws a stone.
The stone closely misses you.
A dart slug comes into view.
The kobold hits you with a +0 whip.
* * * LOW HITPOINT WARNING * * *
You hit the kobold.
You kill the kobold!
The goblin hits you but does no damage. The dart slug launches a dart at you.
You block the slug dart. The goblin hits you with a +0 dagger.
You die...

######### #.......#
#.......# #.......#
#...w...# ##....
#......)# .....#
#.....g@# .....
#.......# .>..
#.......# # #..
#.......##.# #.#
#..........#####.##
#.......####......#
#.......# #......#
## #.......#
#[.....# #.
#.......# #......#
#.


You could see a dart slug and a goblin.

Vanquished Creatures
  A gnoll (D:1)
  A dart slug (D:1)
  2 ball pythons (D:1)
  2 giant cockroaches (D:1)
  A hobgoblin (D:1)
  A bat (D:1)
  A frilled lizard (D:1)
  3 kobolds (D:1)
  2 rats (D:1)
14 creatures vanquished.

Notes
Turn   | Place    | Note
-------+----------+-------------------------------------------
     0 | D:1      | danielguo94 the Gargoyle Fighter began the quest for the
                  | Orb.
     0 | D:1      | Reached XP level 1. HP: 14/14 MP: 1/1
   278 | D:1      | Found a faded altar of an unknown god.
   291 | D:1      | Reached XP level 2. HP: 13/19 MP: 2/2
   363 | D:1      | Slain by a goblin

Illustrated notes

Levels and vault maps discovered:
D:1:      dpeg_arrival_three_bigger_balls, layout_basic, basic_ecumenical_altar,
          minmay_misc_feat_iff

Action                   || total
-------------------------++-------
Melee: Flail             ||    32
Armor: Scale mail        ||    25
Dodge: Dodged            ||    20
Block: Buckler           ||     5
